 Dungeon Crawl Stone Soup version 0.22-a0-40-g3d2f077 (webtiles) character file.

118 tidbits the Grave Robber (level 5, -2/37 HPs)
             Began as a Gnoll Necromancer on Jan 4, 2018.
             Slain by a killer bee zombie (6 damage)
             ... on level 5 of the Dungeon.
             The game lasted 00:05:16 (613 turns).

tidbits the Grave Robber (Gnoll Necromancer)         Turns: 613, Time: 00:05:17

Health: -2/37      AC:  2    Str:  9 (10) XL:     5   Next: 2%
Magic:  2/12       EV: 15    Int: 23      God:
Gold:   84         SH:  0    Dex: 16      Spells: 6/14 levels left

rFire    . . .     SeeInvis .   e - +0 dagger
rCold    + . .     Gourm    .   (no shield)
rNeg     . . .     Faith    .   a - +0 robe
rPois    .         Spirit   .   (helmet restricted)
rElec    .         Reflect  .   (no cloak)
rCorr    .         Harm     .   (no gloves)
MR       .....                  (no boots)
Stlth    +++.......             (no amulet)
HPRegen  0.12/turn              (no ring)
MPRegen  0.13/turn              (no ring)

@: brilliant
A: distributed training, antennae 1, fangs 1, cold resistance 1, deterioration
1, strong nose
a: no special abilities


You were on level 5 of the Dungeon.
You were not hungry.

You visited 1 branch of the dungeon, and saw 5 of its levels.

You collected 84 gold pieces.

Inventory:

Hand Weapons
 e - a +0 dagger (weapon)
 k - a +0 dagger
 m - a +0 war axe
Missiles
 j - 43 arrows
 l - 6 curare-tipped needles
 p - 14 poisoned needles
Armour
 a - a +0 robe (worn)
Jewellery
 f - an uncursed ring of ice
   (You found it on level 2 of the Dungeon)
Wands
 q - a wand of enslavement (12)
Scrolls
 g - a scroll of random uselessness {unknown}
 h - 2 scrolls of identify {unknown}
 i - 2 scrolls of immolation {unknown}
 n - a scroll of fog {unknown}
Potions
 d - a potion of berserk rage {unknown}
 o - a potion of brilliance
Books
 b - a book of Necromancy

   Spells                             Type                      Level
   a - Pain                           Necromancy                   1
   b - Animate Skeleton               Necromancy                   1
   c - Vampiric Draining              Necromancy                   3
   d - Regeneration                   Charms/Necromancy            3
   e - Animate Dead                   Necromancy                   4
   f - Borgnjor's Vile Clutch         Necromancy/Earth             5
Comestibles
 c - 4 rations


   Skills:
 + Level 1.2 Fighting
 + Level 1.2 Short Blades
 + Level 1.2 Long Blades
 + Level 1.2 Axes
 + Level 1.2 Maces & Flails
 + Level 1.2 Polearms
 + Level 1.2 Staves
 + Level 1.2 Slings
 + Level 1.2 Bows
 + Level 1.2 Crossbows
 + Level 1.2 Throwing
 + Level 1.2 Armour
 + Level 4.7 Dodging
 + Level 4.3 Stealth
 + Level 1.2 Shields
 + Level 1.2 Unarmed Combat
 + Level 5.1 Spellcasting
 + Level 1.0 Conjurations
 + Level 1.0 Hexes
 + Level 1.0 Charms
 + Level 1.0 Summonings
 + Level 7.1 Necromancy
 + Level 1.0 Translocations
 + Level 1.0 Transmutations
 + Level 1.0 Fire Magic
 + Level 1.0 Ice Magic
 + Level 1.0 Air Magic
 + Level 1.0 Earth Magic
 + Level 1.0 Poison Magic
 + Level 1.4 Invocations
 + Level 1.2 Evocations


You had 6 spell levels left.
You knew the following spells:

 Your Spells              Type           Power        Failure   Level  Hunger
a - Pain                  Necr           ####         1%          1    None
d - Vampiric Draining     Necr           ######....   1%          3    ##.....
n - Animate Skeleton      Necr           N/A          1%          1    None
r - Regeneration          Chrm/Necr      #####.....   1%          3    ##.....


Dungeon Overview and Level Annotations

Branches:
Dungeon (5/15)
 Temple: D:4-7

Altars:


Innate Abilities, Weirdness & Mutations

Your experience applies equally to all skills.
You have very sharp teeth.
Your uncanny sense of smell can sniff out nearby items.
You have a pair of small antennae on your head.
Your flesh is cold resistant. (rC+)
Your body sometimes deteriorates upon taking damage.


Message History

An adder comes into view.
Casting: Pain
Confirm with . or Enter, or press ? or * to list all spells.
Aiming: Pain
Press: ? - help, Shift-Dir - straight line, f - adder
Aim: an adder (chance to defeat MR: 89%)
The adder writhes in agony!
Casting: Pain
Confirm with . or Enter, or press ? or * to list all spells.
Aiming: Pain
Press: ? - help, Shift-Dir - straight line, f/p - adder
Aim: an adder (lightly wounded, chance to defeat MR: 89%)
The adder writhes in agony!
The adder misses you. The adder misses you.
You see here 15 gold pieces.
You now have 71 gold pieces (gained 15).
The adder barely misses you. x2
Evoke which item? (* to show all) (? for menu, Esc to quit)
Aiming: Enslavement
Press: ? - help, Shift-Dir - straight line, f/p - adder
Aim: an adder (moderately wounded, chance to defeat MR: 57%)
The adder resists with significant effort.
The adder bites you.
* * * LOW HITPOINT WARNING * * *
Found a golden potion.
Evoke which item? (* to show all) (? for menu, Esc to quit)
Okay, then.
Casting: Pain
Confirm with . or Enter, or press ? or * to list all spells.
Aiming: Pain
Press: ? - help, Shift-Dir - straight line, f/p - adder
Aim: an adder (moderately wounded, chance to defeat MR: 89%)
The adder writhes in agony!
The adder barely misses you. The adder bites you.
* * * LOW HITPOINT WARNING * * *
You hit the adder.
You kill the adder!
Found 13 gold pieces.
You see here a golden potion.
o - 2 golden potions (gained 1)
Found a scroll labeled VOULYL TAULE.
You see here 13 gold pieces.
You now have 84 gold pieces (gained 13).
You see here a scroll labeled VOULYL TAULE.
You see here a scroll labeled VOULYL TAULE.
g - a scroll labeled VOULYL TAULE
Found a scroll labeled FENGONO LISO.
Found a scroll labeled YTTEIKIORPH.
A killer bee zombie comes into view.
Found a ration.
You see here a scroll labeled YTTEIKIORPH.
A hound comes into view.
The helpless killer bee zombie fails to defend itself.
You impale the killer bee zombie!!
The killer bee zombie is almost destroyed.
The killer bee zombie completely misses you.
The killer bee zombie closely misses you.
The killer bee zombie hits you!
* * * LOW HITPOINT WARNING * * *
The hound barks!
You see here a scroll labeled YTTEIKIORPH.
The killer bee zombie hits you.
* * * LOW HITPOINT WARNING * * *
Your body deteriorates!
You feel clumsy. The hound closely misses you.
It was a potion of brilliance.
You feel clever all of a sudden. The hound misses you.
The hound barely misses you.
Casting: Pain
Confirm with . or Enter, or press ? or * to list all spells.
Aiming: Vampiric Draining
Press: ? - help, Shift-Dir - straight line, f - hound
Aim: a hound The hound is severely wounded.
You feel life coursing into your body. The hound bites you.
* * * LOW HITPOINT WARNING * * *
Casting: Vampiric Draining
Confirm with . or Enter, or press ? or * to list all spells.
Aiming: Pain
Press: ? - help, Shift-Dir - straight line, f/p - hound
Aim: a hound (severely wounded, chance to defeat MR: 89%)
The hound writhes in agony!
You kill the hound!
You feel your dexterity returning.
Your Conjurations skill increases to level 1!
Your Hexes skill increases to level 1!
Your Charms skill increases to level 1!
Your Summonings skill increases to level 1!
Your Translocations skill increases to level 1!
Your Transmutations skill increases to level 1!
Your Fire Magic skill increases to level 1!
Your Ice Magic skill increases to level 1!
Your Air Magic skill increases to level 1!
Your Earth Magic skill increases to level 1!
Your Poison Magic skill increases to level 1!
You have reached level 5!
The killer bee zombie hits you.
* * * LOW HITPOINT WARNING * * *
You closely miss the killer bee zombie.
The killer bee zombie is almost destroyed.
The killer bee zombie hits you.
You die...

...%..... . #.##.
#......##.# ∆
..?.######..........
#.....................
#.. ...# ##.....#
#.###..####....#.#
...........Z?#.......
##.# #..####..#h#.#...
#..# #....@Z..#.#.# ...
#.#####..####.####..#.#
# ## ..............#
#..#.# ....##..####.#
#..#.# .
#..####.####..#.#
#....##.............#
#....##.......#......
#....##.......####...
#....##.......#


You could see a killer bee zombie.

Vanquished Creatures
  A hound (D:5)
  A worker ant (D:4)
  A worker ant zombie (D:4)
  2 adders
  A dart slug (D:2)
  4 orcs (D:4)
  3 giant cockroaches (D:3)
  5 goblins
  2 hobgoblins (D:3)
  4 kobolds
  2 frilled lizards (D:3)
  A leopard gecko skeleton (D:4)
  2 rats (D:3)
29 creatures vanquished.

Vanquished Creatures (collateral kills)
  A leopard gecko (D:3)
1 creature vanquished.

Grand Total: 30 creatures vanquished

Notes
Turn   | Place    | Note
-------+----------+-------------------------------------------
     0 | D:1      | tidbits the Gnoll Necromancer began the quest for the Orb.
     0 | D:1      | Reached XP level 1. HP: 13/13 MP: 6/6
    51 | D:2      | Reached XP level 2. HP: 14/19 MP: 2/7
   197 | D:3      | Reached skill level 5 in Spellcasting
   197 | D:3      | Reached XP level 3. HP: 5/25 MP: 3/9
   209 | D:3      | Learned a level 3 spell: Regeneration
   220 | D:3      | Learned a level 1 spell: Animate Skeleton
   428 | D:4      | Reached skill level 1 in Invocations
   433 | D:4      | Learned a level 3 spell: Vampiric Draining
   495 | D:5      | Entered Level 5 of the Dungeon
   503 | D:4      | Reached skill level 1 in Fighting
   503 | D:4      | Reached skill level 1 in Short Blades
   503 | D:4      | Reached skill level 1 in Long Blades
   503 | D:4      | Reached skill level 1 in Axes
   503 | D:4      | Reached skill level 1 in Maces & Flails
   503 | D:4      | Reached skill level 1 in Polearms
   503 | D:4      | Reached skill level 1 in Staves
   503 | D:4      | Reached skill level 1 in Slings
   503 | D:4      | Reached skill level 1 in Bows
   503 | D:4      | Reached skill level 1 in Crossbows
   503 | D:4      | Reached skill level 1 in Throwing
   503 | D:4      | Reached skill level 1 in Armour
   503 | D:4      | Reached skill level 1 in Shields
   503 | D:4      | Reached skill level 1 in Unarmed Combat
   503 | D:4      | Reached skill level 1 in Evocations
   511 | D:4      | Gained mutation: Your flesh is cold resistant. (rC+) [potion of mutation]
   511 | D:4      | Gained mutation: Your body sometimes deteriorates upon taking damage. [potion of mutation]
   511 | D:4      | Gained mutation: You have a pair of small antennae on your head. [potion of mutation]
   539 | D:4      | Reached XP level 4. HP: 19/32 MP: 0/11
   612 | D:5      | Reached skill level 1 in Conjurations
   612 | D:5      | Reached skill level 1 in Hexes
   612 | D:5      | Reached skill level 1 in Charms
   612 | D:5      | Reached skill level 1 in Summonings
   612 | D:5      | Reached skill level 1 in Translocations
   612 | D:5      | Reached skill level 1 in Transmutations
   612 | D:5      | Reached skill level 1 in Fire Magic
   612 | D:5      | Reached skill level 1 in Ice Magic
   612 | D:5      | Reached skill level 1 in Air Magic
   612 | D:5      | Reached skill level 1 in Earth Magic
   612 | D:5      | Reached skill level 1 in Poison Magic
   612 | D:5      | Reached XP level 5. HP: 8/37 MP: 1/12
   613 | D:5      | Slain by a killer bee zombie

Vault maps used:
D:1:      lightli_arrival_isolated_outpost
D:2:      minmay_misc_feat_square, st_stairs_11, minmay_pentomino_r4
D:3:      minmay_goblin_kobold_house
D:4:      temple_doors_ab, serial_shops, shop_fountains
D:5:      first_ration

Skill      XL: |  1  2  3  4 |
---------------+-------------+-----
Spellcasting   | 5 |  5.1
Invocations    | 1 |  1.4
Fighting       | 1 |  1.2
Short Blades   | 1 |  1.2
Long Blades    | 1 |  1.2
Axes           | 1 |  1.2
Maces & Flails | 1 |  1.2
Polearms       | 1 |  1.2
Staves         | 1 |  1.2
Slings         | 1 |  1.2
Bows           | 1 |  1.2
Crossbows      | 1 |  1.2
Throwing       | 1 |  1.2
Armour         | 1 |  1.2
Shields        | 1 |  1.2
Unarmed Combat | 1 |  1.2
Evocations     | 1 |  1.2
Conjurations   | 1 |  1.0
Hexes          | 1 |  1.0
Charms         | 1 |  1.0
Summonings     | 1 |  1.0
Translocations | 1 |  1.0
Transmutations | 1 |  1.0
Fire Magic     | 1 |  1.0
Ice Magic      | 1 |  1.0
Air Magic      | 1 |  1.0
Earth Magic    | 1 |  1.0
Poison Magic   | 1 |  1.0
Dodging        | |  4.7
Stealth        | |  4.3
Necromancy     | |  7.1

Action                   |  1- 3 |  4- 6 || total
-------------------------+-------+-------++-------
Melee: Dagger            |    41 |     3 ||    44
       Bite              |     8 |       ||     8
 Cast: Pain              |    43 |     5 ||    48
       Animate Skeleton  |     1 |       ||     1
       Regeneration      |     1 |       ||     1
       Vampiric Draining |       |     1 ||     1
Evoke: Wand              |     2 |     1 ||     3
  Use: Potion            |     4 |     1 ||     5
 Stab: Sleeping          |     1 |     1 ||     2
Armor: Robe              |    11 |       ||    11
Dodge: Dodged            |    40 |    10 ||    50

Table legend:
 A = Spawn XP
 B = Non-spawn XP
 C = Spawn XP percentage of total XP
 D = Spawn monster count
 E = Non-spawn monster count
 F = Spawn count percentage of total count
 G = Total turns spent on level
                    A         B        C        D         E        F      G
               +---------+---------+-------+---------+---------+-------+---------
         Total |       0 |     169 |   0.0 |       0 |      30 |   0.0 |   613
               +---------+---------+-------+---------+---------+-------+---------
           D:1 |       0 |       2 |   0.0 |       0 |       1 |   0.0 |    34
           D:2 |       0 |      10 |   0.0 |       0 |       4 |   0.0 |    62
           D:3 |       0 |      37 |   0.0 |       0 |      16 |   0.0 |   239
           D:4 |       0 |      62 |   0.0 |       0 |       7 |   0.0 |   213
           D:5 |       0 |      58 |   0.0 |       0 |       2 |   0.0 |    65
               +---------+---------+-------+---------+---------+-------+---------

Table legend:
 A = Turns spent in this place as a percentage of turns spent in the entire game.
 B = Non-inter-level travel turns spent in this place as a percentage of non-inter-level travel turns spent in the entire game.
 C = Inter-level travel turns spent in this place as a percentage of turns spent in this place.
 D = Turns resting spent in this place as a percentage of non-inter-level travel turns spent in this place.
 E = Turns spent auto-exploring this place as a percentage of non-inter-level travel turns spent in this place.
 F = Non-inter-level travel turns spent in this place divided by the number of levels of this place that you've seen.
                   A       B       C       D       E      F
               +-------+-------+-------+-------+-------+----------------------
         Total | 100.0 | 100.0 |   1.8 |   0.0 |   0.0 | 120.4
       Dungeon | 100.0 | 100.0 |   1.8 |   0.0 |   0.0 | 120.4
               +-------+-------+-------+-------+-------+----------------------

Table legend:
 A = Kills in this place as a percentage of kills in entire the game.
 B = Kills by you in this place as a percentage of kills by you in the entire game.
 C = Kills by friends in this place as a percentage of kills by friends in the entire game.
 D = Other kills in this place as a percentage of other kills in the entire game.
 E = Experience gained in this place as a percentage of experience gained in the entire game.
 F = Experience gained in this place divided by the number of levels of this place that you have seen.
                   A       B       C       D       E      F
               +-------+-------+-------+-------+-------+----------------------
         Total | 100.0 | 100.0 | 100.0 |   N/A | 100.0 |  33.8
       Dungeon | 100.0 | 100.0 | 100.0 |   N/A | 100.0 |  33.8
               +-------+-------+-------+-------+-------+----------------------

Vault maps used:
D:1:      lightli_arrival_isolated_outpost
D:2:      minmay_misc_feat_square, st_stairs_11, minmay_pentomino_r4
D:3:      minmay_goblin_kobold_house
D:4:      temple_doors_ab, serial_shops, shop_fountains
D:5:      first_ration
